 Dungeon Crawl Stone Soup version 0.22-a0-542-gce4f928 (webtiles) character file.

107 kae the Insei (level 4, 0/33 HPs)
             Began as a Demonspawn Transmuter on June 24, 2018.
             Succumbed to miscasting Spider Form's residual poison
             ... on level 3 of the Dungeon.
             The game lasted 00:02:20 (2298 turns).

kae the Insei (Demonspawn Transmuter)               Turns: 2298, Time: 00:02:21

Health: 0/33       AC:  2    Str:  9 (10) XL:     4   Next: 57%
Magic:  1/7        EV: 19    Int: 14      God:
Gold:   132        SH:  0    Dex: 19 (20) Spells: 2/8 levels left

rFire    . . .     SeeInvis .     - Unarmed
rCold    . . .     Gourm    .   (shield currently unavailable)
rNeg     . . .     Faith    .   (armour currently unavailable)
rPois    x         Spirit   .   (helmet currently unavailable)
rElec    .         Reflect  .   (cloak currently unavailable)
rCorr    .         Harm     .   (gloves currently unavailable)
MR       .....                  (boots currently unavailable)
Stlth    ++........             (no amulet)
HPRegen  0.11/turn              (no ring)
MPRegen  0.10/turn              (no ring)

@: lethally poisoned (0 -> -6), spider-form (expiring), very slightly
contaminated
A: tiny
a: End Transformation


You were on level 3 of the Dungeon.
You were hungry.
You were a venomous arachnid creature.
You visited 1 branch of the dungeon, and saw 3 of its levels.

You collected 132 gold pieces.

Inventory:

Hand Weapons
 l - a +0 mace (melded)
Missiles
 a - 12 arrows
Armour
 b - a +0 robe (melded)
 e - a +0 buckler (melded)
 i - a +0 helmet (melded)
 n - a +0 cloak (melded)
Jewellery
 h - an uncursed ring of wizardry {unknown}
Scrolls
 f - 3 scrolls of teleportation
 j - a scroll of blinking
 k - a scroll of identify
 m - a scroll of immolation {unknown}
Potions
 c - a potion of magic
Comestibles
 d - 6 rations


   Skills:
 + Level 1.9 Fighting
 - Level 1.7 Dodging
 + Level 0.4 Shields
 * Level 3.5 Unarmed Combat
 + Level 2.5 Spellcasting
 * Level 2.8 Transmutations


You had 2 spell levels left.
You knew the following spells:

 Your Spells              Type           Power        Failure   Level  Hunger
a - Beastly Appendage     Tmut           #.....       19%         1    #......
b - Sticks to Snakes      Tmut           #.......     26%         2    ###....
c - Spider Form           Tmut/Pois      #.........   58%         3    ###....

Your spell library contained the following spells:

 Spells                   Type           Power        Failure   Level  Hunger
 Blade Hands              Tmut           #.........   96%         5    ######.
 Ice Form                 Ice/Tmut       #.......     90%         4    #####..


Dungeon Overview and Level Annotations

Branches:
Dungeon (3/15)

Altars:
Elyvilon

Portals:
Sewer: D:3


Innate Abilities, Weirdness & Mutations

((You are partially covered in sharp spines.))
((Your movements are slightly less encumbered by armour. (ER -2)))


Message History

Casting: Spider Form (quite dangerous; 52% risk of failure)
Confirm with . or Enter, or press ? or * to list all spells.
You turn into a venomous arachnid creature.
Your +0 mace melds into your body.
Your +0 cloak melds into your body.
Your +0 helmet melds into your body.
Your +0 buckler melds into your body.
Your +0 robe melds into your body.
You feel sick. The river rat completely misses you.
You feel sick. The river rat bites you!
* * * LOW HITPOINT WARNING * * *
You hit the river rat but do no damage.
The river rat is lightly wounded.
* * * LOW HITPOINT WARNING * * *
You feel sick. The river rat completely misses you.
Your transformation is almost over.
* * * LOW HITPOINT WARNING * * *
You feel sick.
Blink to where?
Press: ? - help, Dir - move target cursor
As you read the scroll of blinking, it crumbles to dust.
You die...

######r#..........#.####
#...########.......
##.#########...#### #.#
#.........# #†#
#.#####...# #.###.#
#...# ## #.....#
#...###. #.#####
#.....)< #s[# #..##...
#..# #....... #..#
##.##... #..# #. ##..
#..# .. ... #..# #. ####
#..# ....


There were no monsters in sight!

Vanquished Creatures
  A worker ant (D:2)
  A gnoll (D:1)
  An adder (D:3)
  2 river rats (D:3)
  An ooze (D:1)
  A worm (D:3)
  An orc (D:3)
  2 ball pythons (D:1)
  3 bats (D:1)
  3 giant cockroaches
  3 goblins
  8 hobgoblins
  3 jackals (D:3)
  5 kobolds
  4 rats
39 creatures vanquished.

Notes
Turn   | Place    | Note
-------+----------+-------------------------------------------
     0 | D:1      | kae the Demonspawn Transmuter began the quest for the Orb.
     0 | D:1      | Reached XP level 1. HP: 15/15 MP: 3/3
   240 | D:1      | Gained mutation: Your movements are slightly less encumbered by armour. (ER -2) [demonic ancestry]
   240 | D:1      | Reached XP level 2. HP: 9/21 MP: 3/5
   489 | D:1      | Reached skill level 3 in Unarmed Combat
   667 | D:1      | Reached XP level 3. HP: 8/26 MP: 6/6
   884 | D:1      | Learned a level 2 spell: Sticks to Snakes
   888 | D:1      | Learned a level 3 spell: Spider Form
  1212 | D:2      | Found a white marble altar of Elyvilon.
  2018 | D:3      | Gained mutation: You are partially covered in sharp spines. [demonic ancestry]
  2018 | D:3      | Reached XP level 4. HP: 9/33 MP: 1/7
  2262 | D:3      | Found a glowing drain.
  2294 | D:3      | HP: 1/33 [poisoned by miscasting Spider Form (residual poison)]
  2298 | D:3      | Succumbed to miscasting Spider Form's residual poison

Vault maps used:
D:1:      lordsloth_arrival_two_stooges
D:2:      elyvilon_altar_4
D:3:      dancing_weapons_uskayaw, portal_sewer_entry_b,
          kennysheep_cluttered_room, uniq_natasha

Skill      XL: |  1  2 |
---------------+-------+-----
Transmutations | 2 |  2.8
Unarmed Combat | 3 |  3.5
Fighting       | |  1.9
Dodging        | |  1.7
Shields        | |  0.4
Spellcasting   | |  2.5

Action                   |  1- 3 |  4- 6 || total
-------------------------+-------+-------++-------
Melee: Unarmed           |    27 |    13 ||    40
       Headbutt          |     3 |       ||     3
       Mace              |    77 |    20 ||    97
       Punch             |     2 |       ||     2
       Kick              |     1 |     1 ||     2
 Cast: Beastly Appendage |     8 |     1 ||     9
       Spider Form       |     1 |     3 ||     4
  Use: Scroll            |     5 |     1 ||     6
       Potion            |     2 |     2 ||     4
  Eat: Chunk             |     2 |     3 ||     5
Armor: Robe              |    21 |     5 ||    26
       Skin              |       |     1 ||     1
Dodge: Dodged            |    61 |    21 ||    82
Block: Buckler           |     7 |     6 ||    13

Table legend:
 A = Spawn XP
 B = Non-spawn XP
 C = Spawn XP percentage of total XP
 D = Spawn monster count
 E = Non-spawn monster count
 F = Spawn count percentage of total count
 G = Total turns spent on level
                    A         B        C        D         E        F      G
               +---------+---------+-------+---------+---------+-------+---------
         Total |       0 |     154 |   0.0 |       0 |      39 |   0.0 |  2298
               +---------+---------+-------+---------+---------+-------+---------
           D:1 |       0 |      48 |   0.0 |       0 |      19 |   0.0 |  1209
           D:2 |       0 |      47 |   0.0 |       0 |       9 |   0.0 |   795
           D:3 |       0 |      59 |   0.0 |       0 |      11 |   0.0 |   294
               +---------+---------+-------+---------+---------+-------+---------
